 Dungeon Crawl Stone Soup version 0.30-a0-739-gea05faddec (webtiles) character file.

Game seed: 5409419545830200429

19 MackTheKnife the Magician (level 2, -5/19 HPs)
             Began as an Octopode Wanderer on Feb 4, 2023.
             Slain by an iguana (13 damage)
             ... on level 2 of the Dungeon.
             The game lasted 00:01:27 (936 turns).

MackTheKnife the Magician (Octopode Wanderer)        Turns: 936, Time: 00:01:27

Health: -5/19      AC:  1    Str: 12    XL:     2   Next: 75%
Magic:  0/5        EV: 12    Int: 16    God:
Gold:   71         SH:  0    Dex:  8    Spells: 5/6 levels left

rFire   . . .      SeeInvis .    n - +1 whip (freeze) {mace}
rCold   . . .      Faith    .    (no shield)
rNeg    . . .      Spirit   .    (helmet restricted)
rPois   .          Reflect  .    h - amulet of regeneration {@e2}
rElec   .          Harm     .    (no ring)
rCorr   .          Rampage  .    (no ring)
Will    .....                    (no ring)
Stlth   ++                       (no ring)
HPRegen 1.03/turn                (no ring)
MPRegen 0.09/turn                (no ring)
                                 (no ring)
                                 (no ring)

@: no status effects
A: almost no armour, amphibious, 8 rings, camouflage 1, gelatinous body 1,
(nimble swimmer 1), tentacles
a: no special abilities


You were on level 2 of the Dungeon.
You visited 1 branch of the dungeon, and saw 2 of its levels.

You collected 71 gold pieces.


Innate Abilities, Weirdness & Mutations

You cannot wear most types of armour.
You are amphibious.
You can wear up to eight rings at the same time.
Your skin changes colour to match your surroundings (Stealth+).
Your rubbery body absorbs attacks. (AC +1, EV +1)
((You are camouflaged when in or above water. (Stealth+)))
You have tentacles for arms and can constrict up to eight enemies at once.


   Skills:
 - Level 2.0 Fighting
 - Level 1.0 Throwing
 - Level 1.3 Stealth
 + Level 2.6 Spellcasting
 - Level 1.0 Necromancy
 - Level 2.5 Earth Magic
 - Level 1.0 Invocations


You had 5 spell levels left.
You knew the following spells:

 Your Spells              Type           Power      Damage    Failure   Level
a - Sandblast             Erth           20%        2d7       7%          1

Your spell library contained the following spells:

 Spells                   Type           Power      Damage    Failure   Level
 Necrotise                Necr           20%        1d5       13%         1
 Passwall                 Tmut/Erth      5%         N/A       17%         2
 Vampiric Draining        Necr           5%         2d6       36%         3
 Leda's Liquefaction      Hex/Erth       3%         N/A       75%         4

Inventory:

Hand Weapons
 n - a +1 whip of freezing (weapon) {mace}
   (You took it off a kobold on level 2 of the Dungeon)
Missiles
 b - 13 poisoned darts {throwing}
Jewellery
 d - an amulet of the acrobat
   (You found it on level 1 of the Dungeon)
 h - an amulet of regeneration (around mantle) {@e2}
   (You found it on level 1 of the Dungeon)
Scrolls
 c - a scroll of fog
 j - a scroll of enchant armour {unknown}
 k - a scroll of magic mapping {unknown}
 m - a scroll of teleportation {unknown}
Potions
 e - a potion of might {unknown}
 f - a potion of flight {unknown}
 g - 2 potions of lignification {unknown}
 i - a potion of heal wounds {unknown}
 l - a potion of curing {unknown}

Dungeon Overview and Level Annotations

Branches:
Dungeon (2/15) Zot: 11052

Altars:

#...(. #.... #...# #...#
#...# ..# #...# ###
.....######...########.#
......l@..#.........##'#
......###..##.......#...
...........##.......#...
............#...........
..........#.#...........
.# .......#.#...........
.......#.#...........
.......'......)......
.......###.....[..†..


You could see an iguana.


Message History

Unknown command.
Unknown command.
n - a +1 whip of freezing {mace} 😕 HP[+2]
You regained 2 hp, and now have 17/19 hp.
You start resting.
Your magical contamination has completely faded away. 😎 HP[+2]
Your hp is fully restored (19).
You start resting. 😎 MP[+3]
Your mp is fully restored (5).
Your +1 whip of freezing {mace} glows with a cold blue light!
n - a +1 whip of freezing (weapon)
{mace} You drop a +0 dagger {short}.
Found a stone staircase leading down.
There is a stone staircase leading down here.
You see here a +0 trident {polearm}.
Key pressed, stopping explore.
You open the door.
There is an open door here.
There is an open door here.
A hobgoblin comes into view.
Casting: Sandblast (safe; 7% risk of failure)
Confirm with . or Enter, or press ? or * to list all spells.
Okay, then.
Okay, then.
A goblin comes into view. It is wielding a +0 club.
The goblin shouts!
You hear an angry hiss.
The blast of sand misses the goblin.
The hobgoblin shouts!
A bat comes into view. 😎 MP[-1]
You lost 1 mp, and now have 4/5 mp.
The blast of sand hits the goblin!
You kill the goblin!
A ball python comes into view. 😎 MP[-1]
You lost 1 mp, and now have 3/5 mp.
The blast of sand hits the hobgoblin!
You kill the hobgoblin!
The bat hits you. 😕 HP[-1] MP[-1]
You take 1 damage, and now have 18/19 hp.
You lost 1 mp, and now have 2/5 mp.
The blast of sand hits the bat!
You kill the bat! 😎 HP[+1] MP[-1]
Your hp is fully restored (19).
You lost 1 mp, and now have 1/5 mp.
The blast of sand hits the ball python!
You kill the ball python! 😎 MP[-1]
You lost 1 mp, and now have 0/5 mp.
You are out of magic!
You are out of magic!
You start resting. 😎 MP[+5]
Your mp is fully restored (5).
You see here a hobgoblin corpse.
Key pressed, stopping explore.
Key pressed, stopping explore.
Found a stone staircase leading up.
You now have 71 gold pieces (gained 19).
You open the door.
An iguana comes into view.
An iguana is nearby!
An iguana is nearby!
An iguana is nearby!
The iguana hisses angrily.
The blast of sand hits the iguana but does no damage. 😎 MP[-1]
You lost 1 mp, and now have 4/5 mp.
The blast of sand hits the iguana but does no damage.
The iguana bites you. 😕 HP[-4] MP[-1]
You take 4 damage, and now have 15/19 hp.
MASSIVE DAMAGE!! (PAUSE)
You lost 1 mp, and now have 3/5 mp.
The blast of sand hits the iguana.
The iguana closely misses you.
The iguana completely misses you. 😕 HP[+2] MP[-1]
You regained 2 hp, and now have 17/19 hp.
You lost 1 mp, and now have 2/5 mp.
The blast of sand hits the iguana but does no damage.
The iguana misses you. 😕 HP[+1] MP[-1]
You lost 1 mp, and now have 1/5 mp.
The blast of sand hits the iguana but does no damage.
The iguana misses you. The iguana bites you!
Ouch! That really hurt!
* * * LOW HITPOINT WARNING * * *
😨 HP[-11] MP[-1]
You take 11 damage, and now have 7/19 hp.
MASSIVE DAMAGE!! (PAUSE)
You lost 1 mp, and now have 0/5 mp.
You hit the iguana but do no damage. You grab the iguana.
You constrict the iguana, but do no damage.
The iguana bites you!
Ouch! That really hurt!
You die...

Action                     || total
---------------------------++-------
  Melee: Dagger            ||     7
         Constrict         ||     4
         Tentacles         ||     2
         Whip              ||     1
   Cast: Sandblast         ||    23
 Armour: Skin              ||     4
  Dodge: Dodged            ||    16

Levels and vault maps discovered:
D:1:      dpeg_arrival_tiny_a, layout_basic
D:2:      cheibrodos_fertilizer, layout_basic, basic_ecumenical_altar

Notes
Turn   | Place    | Note
-------+----------+-------------------------------------------
     0 | D:1      | MackTheKnife the Octopode Wanderer began the quest for the
                  | Orb.
     0 | D:1      | MackTheKnife set off with the following items: a +0 dagger
                  | {short}, 13 poisoned darts {throwing}, a scroll of fog; and
                  | the following spells available to memorise: Sandblast,
                  | Necrotise, Passwall, Vampiric Draining, Leda's
                  | Liquefaction.
     0 | D:1      | Reached XP level 1. HP: 14/14 MP: 3/3
     0 | D:1      | magus.rc [v1.9.6]
    24 | D:1      | Learned a level 1 spell: Sandblast
   137 | D:1      | Reached XP level 2. HP: 17/19 MP: 1/5
   936 | D:2      | Slain by an iguana

Vanquished Creatures
  3 ball pythons
  A giant cockroach (D:1)
  2 hobgoblins
  3 kobolds
  2 quokkas (D:1)
  2 bats
  A frilled lizard (D:1)
  3 goblins
  A rat (D:1)
18 creatures vanquished.

Vanquished Creatures (others)
  11 toadstools (D:2)
11 creatures vanquished.

Grand Total: 29 creatures vanquished

Table legend:
 A = Non-vault XP
 B = Vault XP
 C = Vault XP percentage of total XP
 D = Non-vault monster count
 E = Vault monster count
 F = Vault count percentage of total count
                 A         B        C        D         E       F
            +---------+---------+-------+---------+---------+-------
      Total |      28 |       0 |   0.0 |      18 |       0 |   0.0
            +---------+---------+-------+---------+---------+-------
        D:1 |      18 |       0 |   0.0 |      11 |       0 |   0.0
        D:2 |      10 |       0 |   0.0 |       7 |       0 |   0.0
            +---------+---------+-------+---------+---------+-------

Illustrated notes

Table legend:
 A = Kills in this place as a percentage of kills in entire the game.
 B = Kills by you in this place as a percentage of kills by you in the entire game.
 C = Kills by friends in this place as a percentage of kills by friends in the entire game.
 D = Other kills in this place as a percentage of other kills in the entire game.
 E = Experience gained in this place as a percentage of experience gained in the entire game.
 F = Experience gained in this place divided by the number of levels of this place that you have seen.
                   A       B       C       D       E      F
               +-------+-------+-------+-------+-------+----------------------
         Total | 100.0 | 100.0 |   N/A |   N/A | 100.0 |  14.0
       Dungeon | 100.0 | 100.0 |   N/A |   N/A | 100.0 |  14.0
               +-------+-------+-------+-------+-------+----------------------

Table legend: (Time is in decaauts)
 A = Elapsed time spent in this place.
 B = Non-inter-level travel time spent in this place.
 C = Inter-level travel time spent in this place.
 D = Time resting spent in this place.
 E = Time spent auto-exploring this place.
 F = Levels seen in this place.
 G = Mean time per level.
                   A        B        C        D        E       F      G
               +--------+--------+--------+--------+--------+-----+--------+
         Total |    946 |    936 |     10 |     75 |    737 |   2 |  473.0 |
       Dungeon |    946 |    936 |     10 |     75 |    737 |   2 |  473.0 |
               +--------+--------+--------+--------+--------+-----+--------+

Top non-repeatable levels by time:
     D:1: 680 daAuts
     D:2: 266 daAuts
